 Dungeon Crawl Stone Soup version 0.29-a0-338-g1ff7896281 (webtiles) character file.

Game seed: 11519413307820196117

111 zeratav the Vexing (level 4, -13/21 HPs)
             Began as a Vine Stalker Enchanter on Apr 17, 2022.
             Mangled by Robin
             ... wielding a +2 dagger of electrocution
              (15 damage)
             ... on level 3 of the Dungeon.
             The game lasted 00:04:23 (2239 turns).

zeratav the Vexing (Vine Stalker Enchanter)         Turns: 2239, Time: 00:04:24

Health: -13/21     AC:  2    Str: 11    XL:     4   Next: 92%
Magic:  0/8        EV: 12    Int: 15    God:
Gold:   85         SH:  0    Dex: 16    Spells: 5/7 levels left

rFire   . . .      SeeInvis .   d - +0 short sword (speed) {short}
rCold   . . .      Faith    .   (no shield)
rNeg    . . .      Spirit   +   b - +0 robe
rPois   .          Reflect  .   (no helmet)
rElec   .          Harm     .   (no cloak)
rCorr   .          Rampage  .   (no gloves)
Will    +....                   (no boots)
Stlth   +++.......              (no amulet)
HPRegen 0.87/turn               k - ring of willpower
MPRegen 0.11/turn               (no ring)

@: no status effects
A: fangs 2, regeneration 1, magic shield, antimagic bite, no potion heal 2
a: no special abilities


You were on level 3 of the Dungeon.
You visited 1 branch of the dungeon, and saw 3 of its levels.

You collected 85 gold pieces.


Innate Abilities, Weirdness & Mutations

You have extremely sharp teeth.
Your natural rate of healing is unusually fast.
When hurt, damage is shared between your health and your magic reserves.
Your bite disrupts and absorbs the magic of your enemies.
Potions cannot restore your health.


   Skills:
 * Level 1.5 Short Blades
 + Level 0.5 Armour
 - Level 1.5 Dodging
 + Level 3.9 Stealth
 - Level 2.1 Spellcasting
 - Level 5.0 Hexes


You had 5 spell levels left.
You knew the following spells:

 Your Spells              Type           Power      Damage    Failure   Level
a - Ensorcelled Hibernat  Hex/Ice        18%        N/A       12%         2

Your spell library contained the following spells:

 Spells                   Type           Power      Damage    Failure   Level
 Confusing Touch          Hex            16%        N/A       9%          3
 Tukima's Dance           Hex            16%        N/A       9%          3
 Dazzling Flash           Conj/Hex       18%        N/A       24%         3

Inventory:

Hand Weapons
 a - a +1 dagger {short}
 d - a +0 short sword of speed (weapon) {short}
   (You found it on level 1 of the Dungeon)
Armour
 b - a +0 robe (worn)
 m - a +0 ring mail
   (You found it on level 1 of the Dungeon)
 p - a +0 robe
   (You found it on level 1 of the Dungeon)
 t - a +0 robe
   (You took it off Jessica on level 3 of the Dungeon)
 v - a +0 robe
   (You found it on level 3 of the Dungeon)
 w - a +0 scale mail
   (You took it off Terence on level 3 of the Dungeon)
Jewellery
 k - a ring of willpower (left hand)
   (You found it on level 1 of the Dungeon)
Scrolls
 e - a scroll of enchant weapon {unknown}
 h - 2 scrolls of blinking {unknown}
 j - 2 scrolls of identify {unknown}
 l - 2 scrolls of teleportation {unknown}
 q - a scroll of enchant armour {unknown}
 s - a scroll of torment {unknown}
 u - a scroll of noise {unknown}
Potions
 c - 2 potions of invisibility
 f - a potion of might {unknown}
 g - a potion of degeneration {unknown}
 i - a potion of curing {unknown}
 n - a potion of mutation {unknown}
 o - a potion of flight {unknown}
 r - a potion of haste {unknown}
 x - a potion of lignification {unknown}

Dungeon Overview and Level Annotations

Branches:
Dungeon (3/15)

Altars:

Annotations:
D:3 Robin

###.#############
#.# #.# #.# #.#
#.# #.###
######.g.#
#......@S#
########.###....#
#....)...##.....#
#.##########...##
#.# ##.... #.#
#.#### ##.## #.#
#...# ##+## ##..#
##...##


You could see Robin and an adder.


Message History

You hit the kobold.
You kill the kobold!
You hear a shout!
HP[+1]
The endoplasm barely misses you.
HP[+1]
Your hp is fully restored (21).
You hit the endoplasm. You bite the endoplasm.
You kill the endoplasm!
An adder comes into view.
MP[+1]
Casting: Ensorcelled Hibernation (safe; 12% risk of failure)
Confirm with . or Enter, or press ? or * to list all spells.
Aiming: Ensorcelled Hibernation (safe; 12% risk of failure)
Press: ? - help, Shift-Dir - straight line, f - hobgoblin
Aim: a hobgoblin (chance to affect: 61%)
The hobgoblin looks drowsy...
The adder hisses angrily.
MP[-2]
You lost 2 mp, and now have 4/8 mp.
The helpless hobgoblin fails to defend itself.
You puncture the hobgoblin!
You kill the hobgoblin!
Casting: Ensorcelled Hibernation (safe; 12% risk of failure)
Confirm with . or Enter, or press ? or * to list all spells.
Aiming: Ensorcelled Hibernation (safe; 12% risk of failure)
Press: ? - help, Shift-Dir - straight line, f - adder
Aim: an adder (chance to affect: 51%)
The adder resists with some effort.
MP[-2]
You lost 2 mp, and now have 2/8 mp.
Casting: Ensorcelled Hibernation (safe; 12% risk of failure)
Confirm with . or Enter, or press ? or * to list all spells.
Aiming: Ensorcelled Hibernation (safe; 12% risk of failure)
Press: ? - help, Shift-Dir - straight line, f/p - adder
Aim: an adder (chance to affect: 51%)
The adder resists with some effort.
The adder bites you but does no damage. The adder closely misses you.
MP[-2]
You lost 2 mp, and now have 0/8 mp.
You closely miss the adder. You bite the adder. You drain its power.
You feel invigorated. The adder closely misses you.
MP[+1]
You barely miss the adder. You bite the adder. You drain its power.
You feel invigorated.
MP[+2]
You regained 2 mp, and now have 3/8 mp.
You barely miss the adder. Your bite misses the adder.
The adder barely misses you.
An ogre comes into view. It is wielding a +0 giant spiked club.
The ogre shouts!
You hit the adder but do no damage. The adder bites you but does no damage.
You barely miss the adder. The adder bites you.
HP[-2]
You take 2 damage, and now have 19/21 hp.
You hit the adder. The adder barely misses you.
HP[+1] MP[+1]
You barely miss the adder. Your bite misses the adder.
The adder closely misses you.
You hit the adder. The adder bites you.
HP[-1]
You take 1 damage, and now have 19/21 hp.
You closely miss the adder. You bite the adder, but do no damage.
The adder barely misses you.
You closely miss the adder. The adder closely misses you.
HP[+1] HP[+1]
Your hp is fully restored (21).
The adder bites you.
HP[-1] MP[-1]
You take 1 damage, and now have 20/21 hp.
You lost 1 mp, and now have 3/8 mp.
The adder attacks as you move away! The adder bites you.
HP[+1]
Your hp is fully restored (21).
The adder attacks as you move away! The adder barely misses you.
There is a stone staircase leading down here.
The adder bites you. The adder barely misses you.
You climb downwards.
Level annotation: Robin Robin hits you with a +2 dagger of electrocution.
There is a stone staircase leading up here.
HP[-3]
You take 3 damage, and now have 18/21 hp.
You closely miss the adder.
Robin hits you with a +2 dagger of electrocution.
You are electrocuted!
Ouch! That really hurt!
* * * LOW HITPOINT WARNING * * *
The adder closely misses you.
HP[-13] MP[-2]
You take 13 damage, and now have 5/21 hp.
MASSIVE DAMAGE!! (PAUSE)
You lost 2 mp, and now have 1/8 mp.
You closely miss the adder.
Robin hits you with a +2 dagger of electrocution.
* * * LOW HITPOINT WARNING * * *
You are electrocuted!
Ouch! That really hurt!
You die...

Skill      XL: |  1  2  3  4 |
---------------+-------------+-----
Hexes          | 4 5 |  5.0
Short Blades   | 1 |  1.5
Armour         | |  0.5
Dodging        | |  1.5
Stealth        | |  3.9
Spellcasting   | |  2.1

Action                   |  1- 3 |  4- 6 || total
-------------------------+-------+-------++-------
Melee: Short sword       |   101 |    53 ||   154
       Bite              |    27 |    11 ||    38
       Dagger            |     2 |       ||     2
 Cast: Ensorcelled Hiber |     5 |     4 ||     9
 Stab: Sleeping          |     3 |     3 ||     6
Armor: Robe              |    16 |    18 ||    34
Dodge: Dodged            |    65 |    63 ||   128

Levels and vault maps discovered:
D:1:      evilmike_arrival_hilbert_curve, layout_loops_cross,
          ebering_ecumenical_altar_sacrificial, minmay_heptomino_w4
D:2:      layout_loops_cross
D:3:      layout_loops_corners, uniq_jessica, uniq_terence, uniq_robin

Notes
Turn   | Place    | Note
-------+----------+-------------------------------------------
     0 | D:1      | zeratav the Vine Stalker Enchanter began the quest for the
                  | Orb.
     0 | D:1      | Reached XP level 1. HP: 9/9 MP: 4/4
     0 | D:1      | magus.rc [v1.9.6]
   146 | D:1      | Reached XP level 2. HP: 7/13 MP: 3/6
   204 | D:1      | Learned a level 2 spell: Ensorcelled Hibernation
   466 | D:1      | Reached skill level 4 in Hexes
   484 | D:1      | HP: 3/13 [jackal (2)]
   735 | D:1      | Reached XP level 3. HP: 14/16 MP: 7/7
  1782 | D:2      | You fall into a shaft and drop 1 floor!
  1805 | D:3      | Noticed Jessica
  1809 | D:3      | Killed Jessica
  1810 | D:3      | Gained mutation: Your natural rate of healing is unusually
                  | fast. [Vine Stalker growth]
  1810 | D:3      | Reached XP level 4. HP: 21/21 MP: 8/8
  1848 | D:3      | Reached skill level 5 in Hexes
  1891 | D:3      | Noticed Terence
  1895 | D:3      | Killed Terence
  1896 | D:3      | Reached skill level 1 in Short Blades
  1934 | D:3      | Noticed Robin
  2222 | D:2      | Noticed an ogre
  2238 | D:3      | HP: 5/21 [Robin/+2 dagger of electrocution (12)]
  2239 | D:3      | HP: 2/21 [Robin/+2 dagger of electrocution (3)]
  2239 | D:3      | Mangled by Robin

Vanquished Creatures
  Jessica (D:3)
  Terence (D:3)
  2 dart slugs (D:1)
  4 ball pythons (D:1)
  An endoplasm (D:2)
  2 giant cockroaches (D:1)
  10 goblins
  10 hobgoblins
  6 jackals (D:1)
  3 kobolds
  6 bats
  A frilled lizard (D:1)
  A rat (D:1)
48 creatures vanquished.

Table legend:
 A = Non-vault XP
 B = Vault XP
 C = Vault XP percentage of total XP
 D = Non-vault monster count
 E = Vault monster count
 F = Vault count percentage of total count
                 A         B        C        D         E       F
            +---------+---------+-------+---------+---------+-------
      Total |      55 |     104 |  65.4 |      29 |      19 |  39.6
            +---------+---------+-------+---------+---------+-------
        D:1 |      45 |      15 |  25.0 |      23 |       7 |  23.3
        D:2 |       8 |       4 |  33.3 |       5 |       3 |  37.5
        D:3 |       2 |      85 |  97.7 |       1 |       9 |  90.0
            +---------+---------+-------+---------+---------+-------

Illustrated notes

Table legend:
 A = Kills in this place as a percentage of kills in entire the game.
 B = Kills by you in this place as a percentage of kills by you in the entire game.
 C = Kills by friends in this place as a percentage of kills by friends in the entire game.
 D = Other kills in this place as a percentage of other kills in the entire game.
 E = Experience gained in this place as a percentage of experience gained in the entire game.
 F = Experience gained in this place divided by the number of levels of this place that you have seen.
                   A       B       C       D       E      F
               +-------+-------+-------+-------+-------+----------------------
         Total | 100.0 | 100.0 |   N/A |   N/A | 100.0 |  53.0
       Dungeon | 100.0 | 100.0 |   N/A |   N/A | 100.0 |  53.0
               +-------+-------+-------+-------+-------+----------------------

Table legend: (Time is in decaauts)
 A = Elapsed time spent in this place.
 B = Non-inter-level travel time spent in this place.
 C = Inter-level travel time spent in this place.
 D = Time resting spent in this place.
 E = Time spent auto-exploring this place.
 F = Levels seen in this place.
 G = Mean time per level.
                   A        B        C        D        E       F      G
               +--------+--------+--------+--------+--------+-----+--------+
         Total |   2193 |   2143 |     50 |    574 |   1143 |   3 |  731.0 |
       Dungeon |   2193 |   2143 |     50 |    574 |   1143 |   3 |  731.0 |
               +--------+--------+--------+--------+--------+-----+--------+

Top non-repeatable levels by time:
     D:1: 1631 daAuts
     D:2: 301 daAuts
     D:3: 260 daAuts
